 Dungeon Crawl Stone Soup version 0.25-a0-189-gf71692caf1 (webtiles) character file.

Game seed: 6598310916905897174, levelgen mode: deterministic

13717 Goreval the Grappler (level 11, -3/109 HPs)
             Began as a Troll Fighter on Nov 29, 2019.
             Slain by an eight-headed hydra (14 damage)
             ... on level 1 of the Lair of Beasts.
             The game lasted 00:24:12 (10182 turns).

Goreval the Grappler (Troll Fighter)               Turns: 10182, Time: 00:24:12

Health: -3/109     AC:  8    Str: 33      XL:     11   Next: 79%
Magic:  10/10      EV: 16    Int:  4      God:
Gold:   639        SH: 11    Dex:  9 (10) Spells: 10/10 levels left

rFire    . . .     SeeInvis .   H - +4 morningstar (curse)
rCold    . . .     Gourm    +   b - +0 shield
rNeg     . . .     Faith    .   J - +0 troll leather armour
rPois    .         Spirit   .   (helmet restricted)
rElec    .         Reflect  .   (no cloak)
rCorr    .         Harm     .   (gloves unavailable)
MR       .....                  (boots unavailable)
Stlth    +.........             g - amulet of magic regeneration
HPRegen  1.08/turn              m - +4 ring of evasion
MPRegen  0.37/turn              (no ring)

@: mighty
A: large, unfitting armour, claws 3, fast metabolism 3, gourmand, regeneration
1, shaggy fur 1, tough skin 3
a: no special abilities


You were on level 1 of the Lair of Beasts.
You were very full.

You visited 3 branches of the dungeon, and saw 12 of its levels.
You also visited: Sewer and Bailey.

You collected 639 gold pieces.

Inventory:

Hand Weapons
 A - a +0 giant club
 D - a +0 giant spiked club
 F - a +3 whip
 G - a +3 dire flail of freezing
 H - a cursed +4 morningstar (weapon)
Missiles
 y - 33 boomerangs (quivered)
 C - a throwing net
Armour
 b - a +0 shield (worn)
 J - a +0 troll leather armour (worn)
Jewellery
 g - an amulet of magic regeneration (around neck)
 m - a +4 ring of evasion (left claw)
 M - a +3 ring of dexterity {unknown}
Wands
 u - a wand of flame (53)
 z - a wand of disintegration (24)
 B - a wand of digging (10)
 I - a wand of paralysis (7)
Scrolls
 a - a scroll of noise {unknown}
 h - 5 scrolls of teleportation
 i - a scroll of enchant weapon
 l - a scroll of amnesia
 n - a scroll of fog
 s - 5 scrolls of magic mapping
 t - 3 scrolls of remove curse
 v - a scroll of immolation
 E - a scroll of blinking
Potions
 c - 2 potions of might
 e - 2 potions of haste
 j - a potion of berserk rage
 k - 2 potions of agility
 p - a potion of brilliance
 q - 4 potions of lignification
 r - 6 potions of curing
 w - a potion of invisibility
 x - 3 potions of cancellation
 K - 2 potions of magic
Miscellaneous
 L - a sack of spiders
Comestibles
 d - 18 rations


   Skills:
 + Level 7.4 Fighting
 - Level 4.0 Maces & Flails
 - Level 1.8 Throwing
 + Level 7.4 Dodging
 + Level 7.4 Shields
 * Level 11.7 Unarmed Combat


You had 10 spell levels left.
You didn't know any spells.
Your spell library contained the following spells:

 Spells                   Type           Power        Failure   Level  Hunger
 Confusing Touch          Hex            #.....       65%         1    ##.....
 Confuse                  Hex            #.......     95%         3    ####...
 Gell's Gravitas          Tloc           #.........   95%         3    ####...
 Petrify                  Tmut/Erth      #.......     100%        4    #####..
 Metabolic Englaciation   Hex/Ice        #.........   100%        5    ######.
 Yara's Violent Unravell  Hex/Tmut       #.........   100%        5    ######.


Dungeon Overview and Level Annotations

Branches:
Dungeon (10/15)            Temple (1/1) D:7            Lair (1/6) D:8
  Sewer (visited)          Bailey (visited)
    Orc: D:9-12

Altars:
Ashenzari
Cheibriados
Dithmenos
Elyvilon
Fedhas
Gozag
Hepliaklqana
Kikubaaqudgha
Makhleb
Nemelex Xobeh
Okawaru
Qazlal
Ru
Sif Muna
Trog
Uskayaw
Vehumet
Wu Jian
Xom
Yredelemnul
Zin
The Shining One

Shops:
D:4 [   D:10 (

Annotations:
D:5 1 runed translucent door


Innate Abilities, Weirdness & Mutations

You are too large for most types of armour.
You have claws for hands.
Your metabolism is lightning-fast.
You like to eat raw meat.
Your natural rate of healing is unusually fast.
You are covered in fur. (AC +1)
You have extremely tough skin. (AC +3)


Message History

The eight-headed hydra closely misses you. x2
The eight-headed hydra misses you. The eight-headed hydra bites you!
* * * LOW HITPOINT WARNING * * *
You block the eight-headed hydra's attack.
The eight-headed hydra bites you but does no damage.
The eight-headed hydra bites you!
* * * LOW HITPOINT WARNING * * *
Unknown command.
You feel much better.
You block the eight-headed hydra's attack. x2
The eight-headed hydra bites you.
* * * LOW HITPOINT WARNING * * *
The eight-headed hydra bites you.
* * * LOW HITPOINT WARNING * * *
The eight-headed hydra misses you. The eight-headed hydra bites you.
* * * LOW HITPOINT WARNING * * *
The eight-headed hydra bites you!
* * * LOW HITPOINT WARNING * * *
The eight-headed hydra bites you!
You die...

...<....## ..#
.........# ##.#
........## ...
.........# #.##♣
........## #...♣♣
.......[# #....♣
........######....#
>.......'........##
........#######.@#
........# ##D#
###.#.P## #.##
.....## #..#
#.##### #'## ..
#.#.# .
#............. .
#..#.#.#.#.#.#
#......[...


You could see an eight-headed hydra.

Vanquished Creatures
  3 death yaks (D:7)
  4 two-headed ogres
  The ghost of astraldaughter the Magician, a novice GnVM of Ashenzari (D:9)
  An ugly thing (D:9)
  Joseph (D:8)
  Prince Ribbit (D:7)
  2 trolls
  A hippogriff (D:7)
  Sigmund (D:6)
  12 yaks
  Grum (D:10)
  A steam dragon (D:7)
  Duvessa (D:4)
  4 orc warriors
  2 black bears (D:8)
  2 sky beasts
  2 ice beasts
  3 ogres
  3 phantoms
  3 wolves (D:9)
  A necrophage (D:8)
  4 centaurs
  A big kobold (D:7)
  A crocodile (D:7)
  4 bullfrogs
  Dowan (D:4)
  4 scorpions
  4 killer bees
  10 wights
  7 howler monkeys
  2 crimson imps
  A quasit (D:9)
  A bullfrog zombie (D:8)
  3 jellies
  5 orc priests
  5 hounds
  A centaur skeleton (D:4)
  Jessica (D:3)
  An iguana (D:7)
  Natasha (D:4)
  6 orc wizards
  8 worker ants
  A killer bee zombie (D:10)
  A hound skeleton (D:4)
  A howler monkey skeleton (D:5)
  4 gnolls (D:7)
  2 river rats (D:5)
  20 adders
  A shadow imp (D:8)
  An adder skeleton (D:4)
  5 worms
  A dart slug (D:1)
  6 leopard geckos
  33 orcs
  7 bats
  6 giant cockroaches
  10 goblins
  8 hobgoblins
  21 jackals
  29 kobolds
  8 quokkas
  3 ball pythons
  13 frilled lizards
  2 quokka skeletons (D:5)
  9 rats
  A plant (Sewer)
314 creatures vanquished.

Notes
Turn   | Place    | Note
-------+----------+-------------------------------------------
     0 | D:1      | Goreval the Troll Fighter began the quest for the Orb.
     0 | D:1      | Reached XP level 1. HP: 22/22 MP: 0/0
   154 | D:1      | Reached XP level 2. HP: 29/29 MP: 1/1
   923 | D:2      | Reached XP level 3. HP: 36/36 MP: 2/2
  1040 | D:2      | Reached skill level 3 in Unarmed Combat
  1102 | D:2      | Reached XP level 4. HP: 44/44 MP: 3/3
  1167 | D:2      | Found a bloodstained altar of Trog.
  1351 | D:3      | Found a shattered altar of Ashenzari.
  1698 | D:3      | Reached XP level 5. HP: 53/53 MP: 4/4
  1779 | D:3      | Found a blossoming altar of Fedhas.
  1848 | D:3      | Reached skill level 4 in Unarmed Combat
  1892 | D:3      | Found a sparkling altar of Nemelex Xobeh.
  1892 | D:3      | Noticed Jessica
  1898 | D:3      | Killed Jessica
  2058 | D:3      | Reached XP level 6. HP: 60/61 MP: 5/5
  2073 | D:3      | Found a glowing golden altar of the Shining One.
  2185 | D:4      | Noticed Duvessa
  2185 | D:4      | Noticed Dowan
  2207 | D:4      | Killed Duvessa
  2221 | D:4      | Killed Dowan
  2276 | D:4      | Found a snail-covered altar of Cheibriados.
  2345 | D:4      | Found Oroahyuv's Armour Shoppe.
  2659 | D:4      | Noticed Natasha
  2666 | D:4      | Killed Natasha
  2666 | D:4      | Reached skill level 5 in Unarmed Combat
  2666 | D:4      | Reached XP level 7. HP: 63/68 MP: 6/6
  3007 | D:5      | Entered Level 5 of the Dungeon
  3174 | D:5      | Found a glowing drain.
  3207 | Sewer    | Entered a sewer
  3857 | D:5      | Found a runed translucent door.
  4025 | D:5      | Reached skill level 6 in Unarmed Combat
  4117 | D:5      | Reached XP level 8. HP: 76/78 MP: 7/7
  4238 | D:5      | Found a stormy altar of Qazlal.
  4241 | D:5      | Found a bloodstained altar of Trog.
  4255 | D:5      | Found a burning altar of Makhleb.
  4730 | D:6      | Found a sparkling altar of Nemelex Xobeh.
  4785 | D:6      | Noticed Sigmund
  4795 | D:6      | Killed Sigmund
  5140 | D:6      | Found a hazy altar of Hepliaklqana.
  5190 | D:7      | Reached skill level 7 in Unarmed Combat
  5303 | D:7      | Found a sacrificial altar of Ru.
  5856 | D:7      | Reached skill level 5 in Dodging
  6009 | D:7      | Found a staircase to the Ecumenical Temple.
  6018 | Temple   | Entered the Ecumenical Temple
  6200 | D:7      | Found a basalt altar of Yredelemnul.
  6319 | D:8      | Noticed a two-headed ogre
  6401 | D:7      | Killed a two-headed ogre
  6401 | D:7      | Reached skill level 5 in Fighting
  6401 | D:7      | Reached skill level 5 in Shields
  6401 | D:7      | Reached skill level 8 in Unarmed Combat
  6401 | D:7      | Reached XP level 9. HP: 82/88 MP: 8/8
  6870 | D:8      | Reached skill level 9 in Unarmed Combat
  7000 | D:8      | Reached XP level 10. HP: 98/98 MP: 9/9
  7031 | D:8      | Found a radiant altar of Vehumet.
  7106 | D:8      | Noticed a death yak
  7227 | D:8      | Noticed a death yak
  7237 | D:7      | Killed a death yak
  7295 | D:8      | Noticed a death yak
  7295 | D:8      | Noticed Prince Ribbit
  7307 | D:7      | Killed a death yak
  7307 | D:7      | Reached skill level 10 in Unarmed Combat
  7355 | D:7      | Killed a death yak
  7383 | D:7      | Killed Prince Ribbit
  7539 | D:8      | Found a staircase to the Lair.
  7566 | D:8      | Noticed Joseph
  7586 | D:8      | Killed Joseph
  7778 | D:8      | Found a radiant altar of Vehumet.
  7780 | D:8      | Found a basalt altar of Yredelemnul.
  7780 | D:8      | Found a hide-covered altar of Uskayaw.
  7783 | D:8      | Found a stormy altar of Qazlal.
  7783 | D:8      | Found a blossoming altar of Fedhas.
  7783 | D:8      | Found a shimmering altar of Xom.
  7959 | D:8      | Reached XP level 11. HP: 96/107 MP: 10/10
  8078 | D:9      | Noticed a two-headed ogre
  8118 | D:9      | Found a flagged portal.
  8118 | D:9      | Noticed a two-headed ogre
  8134 | D:9      | Killed a two-headed ogre
  8157 | Bailey   | Entered a bailey
  8215 | Bailey   | Noticed an orc warlord
  8422 | Bailey   | Found a runed translucent gate.
  8424 | Bailey   | Found a runed translucent gate.
  8425 | Bailey   | Found a runed translucent gate.
  8538 | D:9      | Reached skill level 11 in Unarmed Combat
  8682 | D:7      | Killed a two-headed ogre
  8682 | D:7      | Reached skill level 1 in Throwing
  9010 | D:9      | Noticed a red ugly thing
  9025 | D:9      | Killed a red ugly thing
  9225 | D:9      | Found a large runed translucent door.
  9225 | D:9      | Found a large runed translucent door.
  9225 | D:9      | Noticed astraldaughter's ghost (novice GnVM)
  9391 | D:9      | Killed astraldaughter's ghost
  9468 | D:10     | Entered Level 10 of the Dungeon
  9550 | D:10     | Noticed a two-headed ogre
  9589 | D:10     | Noticed Grum
  9664 | D:10     | Killed Grum
  9800 | D:10     | Killed a two-headed ogre
  9825 | D:10     | Found Hucoefue's Antique Weapon Shoppe.
 10125 | Lair:1   | Entered Level 1 of the Lair of Beasts
 10163 | Lair:1   | Noticed an eight-headed hydra
 10180 | Lair:1   | HP: 1/109 [eight-headed hydra (15)]
 10182 | Lair:1   | Slain by an eight-headed hydra

Levels and vault maps discovered:
D:1:      dpeg_arrival_arbitrary_b, layout_basic
D:2:      layout_basic, chequers_serial_rivers_micro_d,
          trog_three_pillars_becter
D:3:      cheibrodos_helix_gallery, layout_rooms, ashenzari_altar_1,
          fedhas_altar_fruit_tree, marbit_many_paths, serial_glass,
          glass_columns_a, glass_columns_a, due_unseen_surprise,
          minmay_strange_pillars, feat_on_display, minivault_27,
          nemelex_lonely_heart_becter, uniq_jessica
D:4:      layout_basic, kennysheep_mini, first_ration, serial_shops,
          nicolae_shop_competitors_out_of_business, uniq_natasha, uniq_duvessa
D:5:      layout_loops_ring, grunt_temple_overflow_diamond,
          portal_sewer_entry_a, lightli_church_of_beogh
D:6:      layout_rooms, lemuel_coloured_pillars_altar, lemuel_round_altar,
          uniq_sigmund
D:7:      layout_basic, lemuel_doored_altar, nicolae_ru_path_of_blood,
          minmay_temple_entry_poolview
D:8:      cheibrodos_fzero, layout_rooms, doesnt_xom_only_xom,
          vehumet_altar_wand_db, dpeg_lair_monsters, uniq_joseph,
          uniq_prince_ribbit1
D:9:      layout_cave_pools, ebering_ghost_disaster_area, enter_bailey_6
D:10:     layout_basic, serial_shops, shop, uniq_grum
Temple:   nicolae_temple_figure_zero
Lair:1:   layout_roguey [special_room_bee], ebering_ghost_funeral_grove,
          st_stairs_12, beast_lair_carwin_1, lemuel_fruit_fields

Skill      XL: |  1  2  3  4  5  6  7  8  9 10 11 |
---------------+----------------------------------+-----
Unarmed Combat | 3 4 5 6 8 9 10 11 | 11.7
Fighting       | 3 4 5 6 7 |  7.4
Dodging        | 3 4 5 6 7 |  7.4
Shields        | 3 4 5 6 7 |  7.4
Maces & Flails | 2 3 4 |  4.0
Throwing       | 1 |  1.8

Action                   |  1- 3 |  4- 6 |  7- 9 | 10-12 || total
-------------------------+-------+-------+-------+-------++-------
Melee: Unarmed           |   114 |   214 |   365 |   376 ||  1069
       Morningstar       |       |       |       |     5 ||     5
Throw: Boomerang         |       |       |    41 |    51 ||    92
Evoke: Sack of spiders   |       |       |       |     1 ||     1
  Use: Scroll            |       |       |       |    17 ||    17
       Potion            |       |       |       |     6 ||     6
  Eat: Chunk             |    13 |    16 |    41 |    30 ||   100
Armor: Robe              |    66 |    67 |    77 |    33 ||   243
       Troll leather arm |       |       |       |    49 ||    49
Dodge: Dodged            |    59 |    97 |   156 |   282 ||   594
Block: Shield            |    66 |   103 |   162 |   283 ||   614

Table legend:
 A = Non-vault XP
 B = Vault XP
 C = Vault XP percentage of total XP
 D = Non-vault monster count
 E = Vault monster count
 F = Vault count percentage of total count
                 A         B        C        D         E       F
            +---------+---------+-------+---------+---------+-------
      Total |   11441 |    8156 |  41.6 |     234 |      79 |  25.2
            +---------+---------+-------+---------+---------+-------
        D:1 |      38 |       0 |   0.0 |      23 |       0 |   0.0
        D:2 |      98 |       0 |   0.0 |      31 |       0 |   0.0
        D:3 |     225 |      39 |  14.8 |      22 |       3 |  12.0
        D:4 |     156 |     258 |  62.3 |      19 |       3 |  13.6
        D:5 |     530 |      31 |   5.5 |      22 |       5 |  18.5
        D:6 |     361 |     208 |  36.6 |      11 |       1 |   8.3
        D:7 |    2684 |    4460 |  62.4 |      32 |       9 |  22.0
        D:8 |    2756 |    1392 |  33.6 |      39 |      14 |  26.4
        D:9 |    2504 |    1191 |  32.2 |      14 |       4 |  22.2
       D:10 |    2089 |     193 |   8.5 |      21 |       1 |   4.5
      Sewer |       0 |      92 | 100.0 |       0 |      21 | 100.0
     Bailey |       0 |     292 | 100.0 |       0 |      18 | 100.0
            +---------+---------+-------+---------+---------+-------
